 Dungeon Crawl Stone Soup version 0.20.1-1-g8b1a95d (webtiles) character file.

4623 TheGuigne the Destroyer (level 10, -5/58 HPs)
             Began as a Gargoyle Wizard on Aug 21, 2017.
             Was a Believer of Ashenzari.
             Slain by a vampire (6 damage)
             ... on level 9 of the Dungeon.
             The game lasted 00:43:18 (10757 turns).

TheGuigne the Destroyer (Gargoyle Wizard)          Turns: 10757, Time: 00:43:19

Health: -5/58      AC: 13    Str: 10    XL:     10   Next: 42%
Magic:  3/22       EV: 13    Int: 23    God:    Ashenzari [**....]
Gold:   454        SH:  0    Dex:  8    Spells: 14/25 levels left

rFire    . . .     SeeInvis .   P - +2 dagger (protect)
rCold    . . .     Gourm    .   (no shield)
rNeg     + . .     Faith    .   m - +0 robe
rPois    ∞         Spirit   .   o - +1 hat
rElec    +         Reflect  .   (no cloak)
rCorr    .         Harm     .   t - +2 pair of gloves (curse)
MR       .....                  (no boots)
Stlth    ++........             (no amulet)
Regen    0.2/turn               (no ring)
MPRegen  0.2/turn               (no ring)

@: no status effects
A: negative energy resistance 1, electricity resistance, unbreathing,
petrification resistance, rot immunity, AC +7
a: Curse Item, Scrying, Renounce Religion


You were on level 9 of the Dungeon.
You worshipped Ashenzari.
Ashenzari was pleased with you.
You were not hungry.

You visited 2 branches of the dungeon, and saw 10 of its levels.

You collected 454 gold pieces.

Inventory:

Hand Weapons
 P - a +2 dagger of protection (weapon)
Missiles
 n - 91 sling bullets
Armour
 m - a +0 robe (worn)
 o - a +1 hat (worn)
 t - a cursed +2 pair of gloves (worn)
Magical Staves
 G - an uncursed staff of wizardry
Wands
 p - a wand of paralysis (11/24)
 v - a wand of flame (6/48)
 y - a wand of random effects (13/48)
 B - a wand of lightning (0/15)
 E - a wand of polymorph (9/24)
 K - a wand of enslavement (8/24)
 N - a wand of confusion (25/48)
Scrolls
 b - a scroll of blinking {unknown}
 g - 2 scrolls of recharging
 h - 4 scrolls of enchant armour
 i - 6 scrolls of enchant weapon
 j - 3 scrolls of remove curse
 k - a scroll of teleportation {unknown}
 u - a scroll of amnesia
 A - 2 scrolls of identify
 D - a scroll of fear {unknown}
 R - a scroll of brand weapon {unknown}
Potions
 e - 3 potions of curing
 f - 2 potions of might
 l - a potion of flight {unknown}
 q - a potion of haste
 r - a potion of resistance {unknown}
 s - a potion of degeneration {unknown}
 x - 2 potions of agility
 z - a potion of heal wounds {unknown}
 H - a potion of brilliance
 O - a potion of ambrosia {unknown}
Books
 c - a book of Minor Magic

   Spells                             Type                      Level
   a - Magic Dart                     Conjuration                  1
   b - Blink                          Translocation                2
   c - Call Imp                       Summoning                    2
   d - Slow                           Hexes                        2
   e - Conjure Flame                  Conjuration/Fire             3
   f - Mephitic Cloud                 Conjuration/Poison/Air       3
 Q - a book of Cantrips

   Spells                             Type                      Level
   a - Confusing Touch                Hexes                        1
   b - Animate Skeleton               Necromancy                   1
   c - Summon Small Mammal            Summoning                    1
   d - Apportation                    Translocation                1
Comestibles
 a - 4 chunks of flesh
 d - 6 bread rations
 F - a royal jelly
 J - 2 meat rations
 L - 2 fruits


   Skills:
 * Level 4.9 Fighting
 - Level 0.6 Short Blades
 * Level 3.8 Dodging
 - Level 2.1 Stealth
 - Level 8.2 Spellcasting
 + Level 9.5 Conjurations
 - Level 2.0 Summonings
 - Level 2.0 Translocations
 - Level 3.4 Fire Magic
 - Level 2.3 Air Magic
 - Level 2.0 Poison Magic
 - Level 0.3 Evocations


You had 14 spell levels left.
You knew the following spells:

 Your Spells              Type           Power        Failure   Level  Hunger
a - Magic Dart            Conj           ####         1%          1    None
b - Blink                 Tloc           N/A          4%          2    None
c - Call Imp              Summ           ###.....     4%          2    None
d - Conjure Flame         Conj/Fire      #####...     1%          3    None
e - Mephitic Cloud        Conj/Pois/Air  ####....     3%          3    None


Dungeon Overview and Level Annotations

Branches:
Dungeon (9/15)             Temple (0/1) D:6            Lair (1/6) D:8
    Orc: D:9-12

Altars:
Ashenzari
Cheibriados
Elyvilon
Hepliaklqana
Makhleb
Okawaru
Qazlal
Ru
Xom
The Shining One


Innate Abilities, Weirdness & Mutations

You are resistant to torment.
Your stone body is resilient. (AC +7)
You are immune to poison.
You resist negative energy. (rN+)
You are resistant to electric shocks. (rElec)
You can survive without breathing.
You are immune to petrification.
You are immune to rotting.


Message History

You feel magically purged.
You feel yourself slow down.
You feel a little less mighty now.
You feel a little less agile now.
As you read the scroll labeled GACSIO RUGES, it crumbles to dust.
It is a scroll of enchant armour.
Your +0 hat glows green for a moment.
As you read the scroll labeled ROEHYECSYF, it crumbles to dust.
It is a scroll of identify.
g - 2 scrolls of recharging Something hits you but does no damage.
Something bites you.
* * * LOW HITPOINT WARNING * * *
As you read the scroll labeled TEPRAS BIQEPSY, it crumbles to dust.
It is a scroll of amnesia.
Forget which spell ([?*] list [ESC] exit)?
Forget which spell ([?*] list [ESC] exit)?
Okay, then.
Something hits you!
* * * LOW HITPOINT WARNING * * *
Something bites you.
You die...

#............
,
#............
#...........)
#.............
,
#.............
,
#.............
#...........[.
#{§..........#
#@###.....≈≈≈.
### ##<..≈≈≈≈≈
* #<5.≈≈≈≈≈ **
#<..≈≈≈≈≈ ,
#.5...≈≈≈.
...........
*.............
#.............
#./...........


There were no monsters in sight!

Vanquished Creatures
  Prince Ribbit (D:8)
  8 yaks
  A water moccasin (D:8)
  Duvessa (D:5)
  A porcupine (Lair:1)
  A sky beast (D:8)
  An ice beast (D:5)
  A necrophage (D:7)
  4 ogres
  2 phantoms (D:5)
  A wolf (Lair:1)
  2 centaurs
  6 bullfrogs
  Blork the orc (D:4)
  Dowan (D:5)
  3 scorpions (D:8)
  2 crimson imps (D:7)
  A quasit (D:5)
  A centaur zombie (D:5)
  2 orc priests (D:8)
  5 hounds
  A centaur skeleton (D:6)
  A bullfrog skeleton (D:4)
  2 jellies
  4 orc wizards
  A gnoll shaman (D:5)
  3 iguanas
  Ijyb (D:3)
  4 worker ants
  A hound zombie (D:6)
  A hound skeleton (D:5)
  A howler monkey skeleton (D:7)
  8 adders
  7 gnolls
  2 shadow imps
  An ooze (D:3)
  An adder skeleton (D:8)
  4 worms
  2 dart slugs
  6 leopard geckos
  24 orcs
  3 giant cockroaches
  8 hobgoblins
  2 jackals (D:7)
  6 kobolds
  4 quokkas
  9 bats
  7 frilled lizards
  10 goblins
  A quokka skeleton (D:7)
  A quokka zombie (D:5)
  6 rats
178 creatures vanquished.

Vanquished Creatures (collateral kills)
  A porcupine (Lair:1)
  A sky beast (D:7)
  An orc warrior (D:8)
  A centaur (D:7)
  2 scorpions
  A crimson imp (D:7)
  A bullfrog zombie (D:7)
  2 gnolls
  An orc (D:8)
11 creatures vanquished.

Grand Total: 189 creatures vanquished

Notes
Turn   | Place    | Note
-------+----------+-------------------------------------------
     0 | D:1      | TheGuigne the Gargoyle Wizard began the quest for the Orb.
     0 | D:1      | Reached XP level 1. HP: 10/10 MP: 4/4
    73 | D:1      | Reached skill level 2 in Conjurations
   145 | D:1      | Reached XP level 2. HP: 15/15 MP: 1/6
   208 | D:1      | Learned a level 2 spell: Blink
   211 | D:1      | Learned a level 2 spell: Call Imp
   516 | D:1      | Reached skill level 3 in Conjurations
   597 | D:1      | Reached XP level 3. HP: 17/19 MP: 0/7
  1458 | D:2      | Found a sacrificial altar of Ru.
  1640 | D:2      | Found a shattered altar of Ashenzari.
  1668 | D:2      | Became a worshipper of Ashenzari the Shackled
  1790 | D:2      | Reached XP level 4. HP: 24/24 MP: 6/8
  1870 | D:2      | Reached skill level 4 in Conjurations
  1875 | D:2      | Learned a level 3 spell: Conjure Flame
  1961 | D:2      | Found a faded altar of an unknown god.
  2078 | D:3      | Found a snail-covered altar of Cheibriados.
  2155 | D:3      | Found a white marble altar of Elyvilon.
  2180 | D:3      | Noticed Ijyb
  2199 | D:3      | Killed Ijyb
  2417 | D:3      | Reached XP level 5. HP: 28/28 MP: 6/10
  2710 | D:3      | Found a glowing golden altar of the Shining One.
  2935 | D:4      | Found a shimmering altar of Xom.
  3009 | D:4      | Reached * piety under Ashenzari
  3060 | D:4      | Found a hazy altar of Hepliaklqana.
  3491 | D:4      | Reached XP level 6. HP: 30/32 MP: 6/13
  3647 | D:4      | Reached skill level 5 in Spellcasting
  3977 | D:4      | Noticed Blork the orc
  4106 | D:4      | Killed Blork the orc
  4369 | D:5      | Entered Level 5 of the Dungeon
  4375 | D:5      | Noticed Dowan
  4377 | D:5      | Noticed Duvessa
  4385 | D:5      | Reached XP level 7. HP: 33/36 MP: 11/15
  4624 | D:5      | Learned a level 3 spell: Mephitic Cloud
  4628 | D:5      | Reached skill level 5 in Conjurations
  4725 | D:5      | Reached skill level 1 in Poison Magic
  5014 | D:5      | Reached skill level 1 in Air Magic
  5149 | D:4      | Reached skill level 1 in Summonings
  5346 | D:5      | Reached skill level 1 in Translocations
  5346 | D:5      | Reached skill level 1 in Fire Magic
  5346 | D:5      | Reached XP level 8. HP: 41/41 MP: 6/16
  5436 | D:5      | Reached skill level 1 in Fighting
  5745 | D:5      | Killed Duvessa
  5863 | D:5      | Killed Dowan
  6773 | D:6      | Identified the cursed +0 mace of Botuma Zet {flame, +Inv rElec rF- Str+5}
  6833 | D:6      | Found an iron altar of Okawaru.
  6890 | D:6      | Found a staircase to the Ecumenical Temple.
  6975 | D:6      | Reached skill level 6 in Conjurations
  7015 | D:6      | Found a stormy altar of Qazlal.
  7017 | D:6      | Noticed an air elemental
  7018 | D:6      | Reached ** piety under Ashenzari
  7049 | D:6      | Noticed a water elemental
  7233 | D:7      | Reached XP level 9. HP: 48/48 MP: 10/19
  8213 | D:7      | Reached skill level 7 in Conjurations
  8775 | D:8      | Found a burning altar of Makhleb.
  8781 | D:8      | Found a staircase to the Lair.
  9078 | D:8      | Noticed Prince Ribbit
  9090 | D:8      | Killed Prince Ribbit
  9460 | D:8      | Reached skill level 8 in Conjurations
  9464 | D:8      | Reached XP level 10. HP: 52/56 MP: 2/22
  9940 | D:8      | Found an iron altar of Okawaru.
 10004 | D:8      | Found a sacrificial altar of Ru.
 10254 | Lair:1   | Entered Level 1 of the Lair of Beasts
 10274 | Lair:1   | Reached skill level 9 in Conjurations
 10757 | D:9      | HP: 1/58 [something (10)]
 10757 | D:9      | Slain by a vampire

Skill      XL: |  1  2  3  4  5  6  7  8  9 10 |
---------------+-------------------------------+-----
Conjurations   | 2 3 4 5 6 8 9 |  9.5
Spellcasting   | 4 5 7 8 |  8.2
Poison Magic   | 2 |  2.0
Air Magic      | 2 |  2.3
Summonings     | 2 |  2.0
Translocations | 1 2 |  2.0
Fire Magic     | 1 2 3 |  3.4
Fighting       | 2 3 4 |  4.9
Dodging        | 2 3 |  3.8
Short Blades   | |  0.6
Stealth        | |  2.1
Evocations     | |  0.3

Action                   |  1- 3 |  4- 6 |  7- 9 | 10-12 || total
-------------------------+-------+-------+-------+-------++-------
Melee: Unarmed           |    21 |       |       |       ||    21
       Club              |     3 |       |       |       ||     3
       Short sword       |    10 |    18 |    51 |     4 ||    83
       Dagger            |       |       |       |     9 ||     9
 Fire: Hunting sling     |    21 |       |       |       ||    21
 Cast: Magic Dart        |    73 |   130 |   342 |    69 ||   614
       Call Imp          |       |     6 |    32 |     6 ||    44
       Blink             |       |     1 |       |     1 ||     2
       Conjure Flame     |       |       |    24 |    10 ||    34
       Mephitic Cloud    |       |       |    10 |     7 ||    17
Invok: Curse Item        |       |       |     1 |       ||     1
Evoke: Wand              |       |     9 |     3 |     1 ||    13
  Use: Scroll            |     1 |       |       |     5 ||     6
       Potion            |       |       |       |     5 ||     5
  Eat: Chunk             |     3 |     7 |    13 |     4 ||    27
       Fruit             |       |     1 |       |       ||     1
       Royal jelly       |       |       |     1 |       ||     1
Armor: Robe              |    15 |    22 |    74 |    24 ||   135
Dodge: Dodged            |    39 |    28 |   104 |    39 ||   210
